 Dungeon Crawl Stone Soup version 0.13.0-9-gbc74161 (webtiles) character file.

1582 Deemzul the Martial Artist (level 8, 0/52 HPs)
             Began as an Octopode Monk on Oct 17, 2013.
             Slain by a gnoll
             ... wielding a +1,+0 orcish spear of chaos
              (1 damage)
             ... on Level 6 of the Dungeon.
             The game lasted 00:16:22 (5097 turns).

Deemzul the Martial Artist (Octopode Monk)          Turns: 5097, Time: 00:16:23

HP   0/52        AC  3     Str 10      XL: 8   Next: 63%
MP   7/7         EV 13     Int 12      God:
Gold 231         SH  0     Dex 18      Spells:  0 memorised,  7 levels left

Res.Fire  : . . .   See Invis. : .     - Unarmed
Res.Cold  : + . .   Warding    : .   (no shield)
Life Prot.: . . .   Conserve   : .   (helmet restricted)
Res.Poison: .       Res.Corr.  : .   r - amulet of the gourmand
Res.Elec. : .       Clarity    : .   e - cursed ring of wizardry
Sust.Abil.: + .     Spirit.Shd : .   s - ring of sustain abilities
Res.Mut.  : .       Stasis     : .   y - ring of protection from cold
Res.Rott. : .       Flight     : .   J - +1 ring of dexterity
Gourmand  : +                        (no ring)
                                     (no ring)
                                     (no ring)
                                     (no ring)

@: drained, slightly resistant to hostile enchantments, quite stealthy
A: almost no armour, amphibious, 8 rings, constrict 8, camouflage 1, AC +3
a: no special abilities


You were on level 6 of the Dungeon.
You were completely stuffed.

You visited 1 branch of the dungeon, and saw 7 of its levels.

You collected 231 gold pieces.

Inventory:

Hand weapons
 k - a +2,+0 long sword of electrocution
Missiles
 K - 6 poisoned needles
Magical devices
 G - a wand of fireball (6) {unknown}
Comestibles
 b - 3 bread rations
 f - 2 meat rations
 n - a sausage
 z - an apple
 B - an apricot
 D - a pear
 L - a royal jelly
Scrolls
 i - a scroll of random uselessness
 j - 2 scrolls of magic mapping
 o - a scroll of noise
 u - 2 scrolls of curse jewellery {unknown}
 w - 3 scrolls of remove curse
 x - 2 scrolls of teleportation
 H - a scroll of identify
 I - a scroll of curse weapon {unknown}
Jewellery
 e - a cursed ring of wizardry (left tentacle)
 r - an amulet of the gourmand (around mantle)
 s - a ring of sustain abilities (right tentacle)
 y - a ring of protection from cold (on tentacle)
 E - an uncursed amulet of guardian spirit {unknown}
 J - a +1 ring of dexterity (on tentacle)
Potions
 a - a potion of might {unknown}
 c - a potion of brilliance
 m - 5 potions of curing
 p - a potion of magic
 v - a potion of slowing {unknown}
 A - a potion of paralysis {unknown}
 C - a potion of degeneration
 F - 2 potions of agility {unknown}
Books
 q - a book of Control

   Spells                             Type                      Level
   Control Teleport                   Charms/Translocation         4
   Control Undead                     Necromancy                   4
   Enslavement                        Hexes                        4
   Mass Confusion                     Hexes                        6
   Metabolic Englaciation             Hexes/Ice                    6


   Skills:
 - Level 3.0(2.6) Fighting
 - Level 3.0(2.6) Dodging
 - Level 2.6(2.2) Stealth
 * Level 10.9(10.4) Unarmed Combat


You had 7 spell levels left.
You didn't know any spells.

Dungeon Overview and Level Annotations

Branches:
Dungeon (7/27)                Orc (0/4) D:7
 Temple: D:4-7

Altars:
Yredelemnul
Zin

Annotations:
D:2 Sigmund


Innate Abilities, Weirdness & Mutations

You cannot wear most types of armour.
You are amphibious.
You can wear up to eight rings at the same time.
You can use your tentacles to constrict many enemies at once.
Your skin changes colour to match your surroundings (Stlth).
Your rubbery body absorbs attacks (AC +1).
You are partially covered in thin metallic scales (AC +2).


Message History

You swing at nothing.
You bludgeon the active ballistomycete! You squeeze the active ballistomycete!
The active ballistomycete is almost destroyed.
A gnoll comes into view. It is wielding a glowing orcish spear.
You swing at nothing.
The gnoll moves out of view.
You swing at nothing.
You swing at nothing.
You bludgeon the active ballistomycete!
You destroy the active ballistomycete!
You feel less confused.
A giant gecko and a bat come into view.
An ogre comes into view. It is wielding a giant club.
The ogre shouts!
The gnoll hits you with a glowing orcish spear!
* * * LOW HITPOINT WARNING * * *
You feel drained.
* * * LOW HITPOINT WARNING * * *
The gnoll hits you with an orcish spear of chaos.
* * * LOW HITPOINT WARNING * * *
You die...

### #.#... #####.#....
........... #..........
............
#.####.ff...... ### .......
#.##.## #.# .......
#@....######.##
........##Og...#.......####
....b..l..........%....<...
...............#.......####
#######################


You could see an ogre, an active ballistomycete and a gnoll.

Vanquished Creatures
  Grinder (D:3)
  Eustachio (D:5)
  Menkaure (D:4)
  A sky beast (D:5)
  Purgy (D:3)
  A black bear (D:5)
  A giant frog (D:5)
  2 crimson imps
  2 orc priests (D:6)
  A jelly (D:5)
  An orc wizard (D:3)
  A hound (D:4)
  2 scorpions
  An iguana (D:6)
  Ijyb (D:2)
  6 adders
  3 gnolls (D:5)
  An adder zombie (D:5)
  2 giant geckos
  2 oozes
  8 orcs
  2 ball pythons (D:2)
  15 bats
  7 giant cockroaches
  16 hobgoblins
  11 kobolds
  5 quokkas
  7 giant newts
  A giant spore (D:6)
  13 goblins
  10 jackals
  13 rats
  A ballistomycete (D:6)
141 creatures vanquished.

Notes
Turn   | Place    | Note
--------------------------------------------------------------
     0 | D:1      | Deemzul, the Octopode Monk, began the quest for the Orb.
     0 | D:1      | Reached XP level 1. HP: 14/14 MP: 0/0
    73 | D:1      | Reached XP level 2. HP: 6/19 MP: 1/1
   603 | D:2      | Reached XP level 3. HP: 9/25 MP: 2/2
   610 | D:2      | Noticed Ijyb
   813 | D:2      | Killed Ijyb
   813 | D:2      | Reached skill level 5 in Unarmed Combat
   891 | D:2      | Reached XP level 4. HP: 14/30 MP: 3/3
  1076 | D:2      | Found a basalt altar of Yredelemnul.
  1076 | D:2      | Found a glowing silver altar of Zin.
  1343 | D:2      | Noticed Sigmund
  1678 | D:3      | Reached skill level 6 in Unarmed Combat
  1789 | D:3      | Reached XP level 5. HP: 8/35 MP: 4/4
  2084 | D:4      | Noticed Menkaure
  2093 | D:5      | Entered Level 5 of the Dungeon
  2108 | D:5      | Noticed a sky beast
  2188 | D:3      | Noticed Purgy
  2203 | D:3      | Killed Purgy
  2203 | D:3      | Reached skill level 7 in Unarmed Combat
  2203 | D:3      | Reached XP level 6. HP: 28/41 MP: 5/5
  2326 | D:3      | Noticed Grinder
  2335 | D:3      | Killed Grinder
  2335 | D:3      | Reached skill level 8 in Unarmed Combat
  2335 | D:3      | Reached XP level 7. HP: 17/45 MP: 6/6
  2902 | D:4      | Gained mutation: You are partially covered in thin metallic scales (AC +2). [potion of beneficial mutation]
  2948 | D:4      | Noticed an ogre
  3211 | D:5      | Reached skill level 9 in Unarmed Combat
  3285 | D:5      | Noticed a black bear
  3297 | D:5      | Killed a black bear
  3470 | D:5      | Identified a scroll of acquirement
  3596 | D:5      | Noticed Eustachio
  3611 | D:5      | Killed Eustachio
  3611 | D:5      | Reached XP level 8. HP: 36/52 MP: 7/7
  3707 | D:6      | Reached skill level 10 in Unarmed Combat
  3759 | D:7      | Found a staircase to the Orcish Mines.
  4239 | D:4      | Killed Menkaure
  4767 | D:5      | Killed a sky beast
  5097 | D:6      | HP: 1/52 [gnoll/orcish spear of chaos (6)]
  5097 | D:6      | Slain by a gnoll

Action                   |  1- 3 |  4- 6 |  7- 9 || total
-------------------------+-------+-------+-------++-------
Melee: Unarmed           |    56 |   100 |   145 ||   301
       Long sword        |       |       |     2 ||     2
  Use: Potion            |     2 |       |     3 ||     5
       Scroll            |       |     4 |    12 ||    16
 Stab: Sleeping          |     6 |    11 |    12 ||    29
       Invisible         |       |       |     4 ||     4
